 Dungeon Crawl Stone Soup version 0.30-a0-134-gb40fab5c76 (webtiles) character file.

Game seed: 13604381170534682723

5 IdlyInterested the Sneak (level 1, -2/15 HPs)
             Began as a Demonspawn Wanderer on Sept 19, 2022.
             Slain by a gnoll
             ... wielding a +0 club
              (5 damage)
             ... on level 1 of the Dungeon.
             The game lasted 00:00:38 (235 turns).

IdlyInterested the Sneak (Demonspawn Wanderer)       Turns: 235, Time: 00:00:39

Health: -2/15      AC:  3    Str: 11    XL:     1   Next: 66%
Magic:  2/2        EV: 11    Int: 12    God:
Gold:   0          SH:  0    Dex: 14    Spells: 1/2 levels left

rFire   . . .      SeeInvis .    a - +0 mace
rCold   . . .      Faith    .    (no shield)
rNeg    . . .      Spirit   .    d - +0 robe
rPois   .          Reflect  .    (no helmet)
rElec   .          Harm     .    (no cloak)
rCorr   .          Rampage  .    b - +0 pair of gloves
Will    .....                    (no boots)
Stlth   +++.......               (no amulet)
HPRegen 0.05/turn                (no ring)
MPRegen 0.08/turn                (no ring)

@: no status effects
A: no striking features
a: no special abilities


You were on level 1 of the Dungeon.
You visited 1 branch of the dungeon, and saw 1 of its levels.

Inventory:

Hand Weapons
 a - a +0 mace (weapon)
Armour
 b - a +0 pair of gloves (worn)
 d - a +0 robe (worn)
Scrolls
 c - a scroll of fog


   Skills:
 * Level 1.4 Fighting
 - Level 1.0 Maces & Flails
 + Level 0.3 Dodging
 + Level 4.5 Stealth
 - Level 1.0 Spellcasting
 - Level 1.7 Fire Magic


You had one spell level left.
You knew the following spells:

 Your Spells              Type           Power      Damage    Failure   Level
a - Foxfire               Conj/Fire      8%         2x1d4     22%         1

Your spell library contained the following spells:

 Spells                   Type           Power      Damage    Failure   Level
 Ignite Poison            Fire/Tmut/Pois 2%         N/A       56%         3
 Flame Wave               Conj/Fire      2%         2d4       91%         4


Dungeon Overview and Level Annotations

Branches:
Dungeon (1/15)

Altars:


Message History

The helpless frilled lizard fails to defend itself.
You hit the frilled lizard.
The frilled lizard is heavily wounded.
The goblin shouts!
The frilled lizard closely misses you. The frilled lizard bites you.
You hit the goblin but do no damage. The bat barely misses you.
The frilled lizard barely misses you. The goblin hits you but does no damage.
You closely miss the goblin. The bat hits you but does no damage.
The goblin hits you with a +0 club. The frilled lizard bites you.
The bat hits you.
You hit the goblin.
You kill the goblin!
The bat misses you. The bat closely misses you.
The frilled lizard barely misses you. The frilled lizard closely misses you.
You closely miss the frilled lizard. The bat barely misses you.
The frilled lizard closely misses you.
You closely miss the frilled lizard. The bat hits you but does no damage.
The frilled lizard barely misses you.
You barely miss the frilled lizard. The bat hits you but does no damage.
The frilled lizard bites you but does no damage.
The bat hits you but does no damage. The frilled lizard bites you.
* * * LOW HITPOINT WARNING * * *
You hit the bat.
You kill the bat!
The frilled lizard bites you.
* * * LOW HITPOINT WARNING * * *
You closely miss the frilled lizard.
The gnoll shouts!
A bat comes into view.
The frilled lizard closely misses you.
You hit the frilled lizard but do no damage.
The frilled lizard barely misses you. The frilled lizard misses you.
You sock the frilled lizard!
You kill the frilled lizard!
The bat closely misses you.
You miss the bat. The bat barely misses you.
You aren't carrying any potions.
You hit the gnoll but do no damage. The bat barely misses you.
The gnoll barely misses you. The gnoll hits you with a +0 club.
You die...

####### #.....# #..
#.....# #.. #.###.....#
#.. #......†).#
#######..
#.!.b@..######........
#...g...#.)..#........
#.......#....#........
...$......'....#........
###.......#....###..####
.........#....##......#
#...........#.#........#
$...........#.#.#......#
[..###.........#......#


You could see a gnoll and a bat.

Vanquished Creatures
  A bat (D:1)
  A ball python (D:1)
  A frilled lizard (D:1)
  2 goblins (D:1)
  A rat (D:1)
6 creatures vanquished.

Notes
Turn   | Place    | Note
-------+----------+-------------------------------------------
     0 | D:1      | IdlyInterested the Demonspawn Wanderer began the quest for
                  | the Orb.
     0 | D:1      | IdlyInterested set off with the following items: a +0 mace,
                  | a +0 pair of gloves, a scroll of fog, a +0 robe; and the
                  | following spell memorised: Foxfire; and the following
                  | spells available to memorise: Ignite Poison, Flame Wave.
     0 | D:1      | Reached XP level 1. HP: 15/15 MP: 2/2
   235 | D:1      | Slain by a gnoll

Illustrated notes

Levels and vault maps discovered:
D:1:      dpeg_arrival_fog, layout_basic, minmay_pentomino_v2

Action                   || total
-------------------------++-------
Melee: Mace              ||    24
 Stab: Sleeping          ||     3
Armor: Robe              ||     9
Dodge: Dodged            ||    20

Table legend: (Time is in decaauts)
 A = Elapsed time spent in this place.
 B = Non-inter-level travel time spent in this place.
 C = Inter-level travel time spent in this place.
 D = Time resting spent in this place.
 E = Time spent auto-exploring this place.
 F = Levels seen in this place.
 G = Mean time per level.
                   A        B        C        D        E       F      G
               +--------+--------+--------+--------+--------+-----+--------+
         Total |    242 |    242 |      0 |    175 |     13 |   1 |  242.0 |
       Dungeon |    242 |    242 |      0 |    175 |     13 |   1 |  242.0 |
               +--------+--------+--------+--------+--------+-----+--------+

Top non-repeatable levels by time:
     D:1: 242 daAuts
